 Dungeon Crawl Stone Soup version 0.28-a0-794-gafe8c5f9e9 (webtiles) character file.

Game seed: 9075996961700204866

26 demibob the Twirler (level 2, -8/22 HPs)
             Began as a Demonspawn Gladiator on Nov 6, 2021.
             Mangled by Terence (11 damage)
             ... on level 2 of the Dungeon.
             The game lasted 00:02:24 (1404 turns).

demibob the Twirler (Demonspawn Gladiator)          Turns: 1404, Time: 00:02:25

Health: -8/22      AC:  4    Str: 12 (14) XL:     2   Next: 89%
Magic:  2/2        EV: 12    Int: 10 (11) God:
Gold:   14         SH:  0    Dex: 12 (14) Spells: 1/1 levels left

rFire   . . .      SeeInvis .   a - +0 quarterstaff
rCold   . . .      Faith    .   (shield currently unavailable)
rNeg    . . .      Spirit   .   b - +0 leather armour
rPois   .          Reflect  .   c - +0 helmet
rElec   .          Harm     .   (no cloak)
rCorr   .          Rampage  .   (no gloves)
Will    .....                   (no boots)
Stlth   +.........              (no amulet)
HPRegen 0.07/turn               (no ring)
MPRegen 0.08/turn               (no ring)

@: brilliant, flying
A: big brain 1
a: no special abilities


You were on level 2 of the Dungeon.
You visited 1 branch of the dungeon, and saw 2 of its levels.

You collected 14 gold pieces.


Innate Abilities, Weirdness & Mutations

You have an unusually large brain. (Int +2)


   Skills:
 - Level 2.0 Fighting
 + Level 3.8 Staves
 - Level 1.7 Throwing
 - Level 2.6 Dodging
 + Level 0.0 Spellcasting


You had one spell level left.
You didn't know any spells.
Your spell library contained the following spells:

 Spells                   Type           Power      Damage    Failure   Level
 Magic Dart               Conj           0%         1d3       43%         1
 Call Imp                 Summ           0%         N/A       58%         2
 Mephitic Cloud           Conj/Pois/Air  0%         N/A       82%         3

Inventory:

Hand Weapons
 a - a +0 quarterstaff (weapon)
Missiles
 d - 3 throwing nets (quivered) {=f}
Armour
 b - a +0 leather armour (worn)
 c - a +0 helmet (worn)
Jewellery
 N - a ring of positive energy
Scrolls
 f - a scroll of blinking {unknown}
 j - 3 scrolls of identify {unknown}
 k - a scroll of enchant armour {unknown}
Potions
 e - 2 potions of degeneration
 g - a potion of mutation {unknown}
 h - a potion of magic {unknown}
 i - a potion of flight

Dungeon Overview and Level Annotations

Branches:
Dungeon (2/15)

Altars:

Annotations:
D:2 Terence

########## ######
#........# #....#
.........# #....#
.........###....#
...........@@...#
..##...##....####
........J...#
#.##...##....# #
#... ###### #..J
....


You could see Terence and an endoplasm.


Message History

There is an escape hatch in the floor here.
There is an open door here.
There is a stone staircase leading down here.
You climb downwards.
There is a stone staircase leading up here.
Terence the Incautious comes into view.
He is wielding a +0 flail.
An endoplasm comes into view.
You closely miss Terence. Terence hits you with a +0 flail!
Ouch! That really hurt!
* * * LOW HITPOINT WARNING * * *
It was a potion of flight.
You feel very buoyant.
You fly up into the air.
Terence barely misses you.
It was a potion of degeneration.
There was something very wrong with that liquid.
You feel weakened.
You feel dopey.
You feel clumsy. Terence closely misses you.
You hit Terence.
Terence is lightly wounded.
The endoplasm quivers.
Terence hits you with a +0 flail!
* * * LOW HITPOINT WARNING * * *
The endoplasm jiggles.
Terence screams, "I'm going to kill you!"
There is a stone staircase leading up here.
It was a potion of brilliance.
You feel clever all of a sudden. Terence hits you with a +0 flail!
Ouch! That really hurt!
You die...

Skill      XL: |  1 |
---------------+----+-----
Staves         | 3 |  3.8
Fighting       | |  2.0
Throwing       | |  1.7
Dodging        | |  2.6

Action                   || total
-------------------------++-------
Melee: Quarterstaff      ||    74
  Use: Potion            ||     3
 Stab: Sleeping          ||     1
Armor: Leather armour    ||    27
Dodge: Dodged            ||    61

Levels and vault maps discovered:
D:1:      psy_arrival_terrarium, layout_loops_corners,
          dreamdust_ecumenical_altar_drowned_temple
D:2:      layout_basic, serial_rivers, chequers_serial_rivers_micro_a,
          chequers_serial_rivers_marsh, chequers_serial_rivers_micro_a,
          chequers_serial_rivers_micro_b, chequers_serial_rivers_micro_c,
          basic_altar, st_stairs_9, uniq_terence

Notes
Turn   | Place    | Note
-------+----------+-------------------------------------------
     0 | D:1      | demibob the Demonspawn Gladiator began the quest for the
                  | Orb.
     0 | D:1      | Reached XP level 1. HP: 16/16 MP: 1/1
    78 | D:1      | Found a faded altar of an unknown god.
   433 | D:1      | Reached skill level 3 in Staves
   484 | D:1      | Gained mutation: You have an unusually large brain. (Int
                  | +2) [demonic ancestry]
   484 | D:1      | Reached XP level 2. HP: 22/22 MP: 2/2
  1390 | D:2      | Noticed Terence
  1404 | D:2      | Mangled by Terence

Vanquished Creatures
  5 ball pythons (D:1)
  2 endoplasms (D:1)
  4 giant cockroaches (D:1)
  A goblin (D:1)
  A hobgoblin (D:1)
  3 kobolds (D:1)
  4 bats (D:1)
  A frilled lizard (D:1)
  3 rats (D:1)
  A spectral kobold (D:1)
25 creatures vanquished.

Table legend: (Time is in decaauts)
 A = Elapsed time spent in this place.
 B = Non-inter-level travel time spent in this place.
 C = Inter-level travel time spent in this place.
 D = Time resting spent in this place.
 E = Time spent auto-exploring this place.
 F = Levels seen in this place.
 G = Mean time per level.
                   A        B        C        D        E       F      G
               +--------+--------+--------+--------+--------+-----+--------+
         Total |   1421 |   1400 |     21 |    117 |   1064 |   2 |  710.5 |
       Dungeon |   1421 |   1400 |     21 |    117 |   1064 |   2 |  710.5 |
               +--------+--------+--------+--------+--------+-----+--------+

Top non-repeatable levels by time:
     D:1: 1406 daAuts
     D:2: 15 daAuts

Table legend:
 A = Non-vault XP
 B = Vault XP
 C = Vault XP percentage of total XP
 D = Non-vault monster count
 E = Vault monster count
 F = Vault count percentage of total count
                 A         B        C        D         E       F
            +---------+---------+-------+---------+---------+-------
      Total |      37 |       1 |   2.6 |      24 |       1 |   4.0
            +---------+---------+-------+---------+---------+-------
        D:1 |      37 |       1 |   2.6 |      24 |       1 |   4.0
            +---------+---------+-------+---------+---------+-------
